 Dungeon Crawl Stone Soup version 0.30-a0-1053-gbd8d5ba0ad (webtiles) character file.

Game seed: 606050534755559039

284 GigaChad the Shield-Bearer (level 6, 0/48 HPs)
             Began as a Formicid Fighter on Apr 11, 2023.
             Slain by a steam dragon (2 damage)
             ... on level 4 of the Dungeon.
             The game lasted 00:04:08 (2873 turns).

GigaChad the Shield-Bearer (Formicid Fighter)       Turns: 2873, Time: 00:04:08

Health: 0/48       AC:  7    Str: 22    XL:     6   Next: 55%
Magic:  6/6        EV:  9    Int:  8    God:
Gold:   171        SH:  5    Dex: 13    Spells: 5/5 levels left

rFire   . . .      SeeInvis +    a - +1 war axe
rCold   . . .      Faith    .    c - +0 buckler
rNeg    . . .      Spirit   .    b - +0 scale mail
rPois   .          Reflect  .    (helmet unavailable)
rElec   .          Rampage  .    (no cloak)
rCorr   .                        (no gloves)
Will    .....                    (no boots) Stlth
                                 (no amulet)
HPRegen 0.28/turn                (no ring)
MPRegen 0.10/turn                (no ring)

@: lethally poisoned (0 -> -13)
A: permanent stasis, dig shafts and tunnels, antennae 3, four strong arms
a: Dig, Shaft Self


You were on level 4 of the Dungeon.
You visited 1 branch of the dungeon, and saw 4 of its levels.

You collected 171 gold pieces.

Inventory:

Hand Weapons
 a - a +1 war axe (weapon)
 h - the +4 mace of the Warrior {vamp, rF+ Stlth+}
   (You found it on level 3 of the Dungeon)

   rF:        It protects you from fire.
   Stlth:     It makes you more stealthy.
Armour
 b - a +0 scale mail (worn)
 c - a +0 buckler (worn)
Jewellery
 g - a ring of magical power
Wands
 p - a wand of charming (4)
Scrolls
 f - 2 scrolls of butterflies
 j - a scroll of amnesia
 l - a scroll of fog
 m - a scroll of brand weapon {unknown}
Potions
 d - a potion of might
 e - 3 potions of curing {unknown}
 i - a potion of attraction {unknown}
 k - a potion of haste {unknown}


   Skills:
 * Level 4.2 Fighting
 * Level 4.1 Axes
 * Level 4.6 Armour
 - Level 0.4 Dodging
 - Level 0.3 Stealth
 * Level 5.3 Shields


You had 5 spell levels left.
You didn't know any spells.
Your spell library was empty.

Dungeon Overview and Level Annotations

Branches:
Dungeon (4/15)
 Temple: D:4-7

Altars:
Zin


Innate Abilities, Weirdness & Mutations

You cannot be hasted, slowed, berserked, paralysed or teleported.
You can dig through walls and to a lower floor.
You have a pair of large antennae on your head. (SInv)
Your four strong arms can wield two-handed weapons with a shield.


Message History

The hobgoblin shouts!
Found 19 gold pieces and 5 javelins.
There is a stone staircase leading up here.
There are monsters nearby!
There are monsters nearby!
The steam dragon breathes steam at you. The ball of steam hits you!
You hear a shout!
A scorpion comes into view.
You block the steam dragon's attack. The steam dragon barely misses you.
You slash the steam dragon!
The steam dragon is moderately wounded.
The steam dragon breathes steam at you. The ball of steam hits you!
You hear a shout!
You hit the steam dragon.
The steam dragon is heavily wounded.
You are engulfed in a cloud of scalding steam.
The steam dragon bites you but does no damage.
The steam dragon claws you.
You are too injured to fight recklessly!
You are too injured to fight recklessly!
Unknown command.
You are too injured to fight recklessly!
Unknown command.
You are too injured to fight recklessly!
Unknown command.
You barely miss the scorpion. You barely miss the steam dragon.
You are engulfed in a cloud of scalding steam.
The steam dragon bites you but does no damage.
The steam dragon claws you but does no damage.
You block the scorpion's attack. The steam dragon breathes steam at you.
The ball of steam hits you!
* * * LOW HITPOINT WARNING * * *
The scorpion stings you.
* * * LOW HITPOINT WARNING * * *
You are lethally poisoned!
The scorpion poisons you! The steam dragon bites you.
You die...

## .##.. #.
........ .
###.##........ #.
.....#........ ...
#....... ...## ....
#. #..# ......
.....#§##..##....#
..g......g§@D..###.
....##<#.§.s......
........#########..
...$..#.# {
......#.# {{ {
.(... ..# {{{ .....
.## .... . .... ..


You could see a steam dragon (catching breath), a scorpion and a hobgoblin.

Vanquished Creatures
  A vampire bat (D:3)
  Jessica (D:2)
  5 adders
  4 worms
  3 fire bats (D:3)
  2 spectral bats (D:3)
  17 bats
  3 bat skeletons (D:3)
  A bat zombie (D:3)
  12 endoplasms
  5 giant cockroaches
  A hobgoblin (D:1)
  6 jackals (D:3)
  4 quokkas
  7 ball pythons
  A bat simulacrum (D:3)
  2 frilled lizards
  4 goblins
  12 kobolds
  4 rats
95 creatures vanquished.

Vanquished Creatures (others)
  4 plants (D:1)
4 creatures vanquished.

Grand Total: 99 creatures vanquished

Notes
Turn   | Place    | Note
-------+----------+-------------------------------------------
     0 | D:1      | GigaChad the Formicid Fighter began the quest for the Orb.
     0 | D:1      | Reached XP level 1. HP: 18/18 MP: 1/1
    81 | D:1      | Reached XP level 2. HP: 24/24 MP: 2/2
   294 | D:1      | Reached XP level 3. HP: 29/29 MP: 3/3
   969 | D:2      | Noticed Jessica
   974 | D:2      | Killed Jessica
   975 | D:2      | Reached XP level 4. HP: 19/37 MP: 4/4
  1201 | D:2      | Found a glowing silver altar of Zin.
  1578 | D:3      | Reached XP level 5. HP: 34/42 MP: 5/5
  1801 | D:3      | Reached skill level 5 in Shields
  1839 | D:3      | Reached XP level 6. HP: 26/48 MP: 6/6
  2043 | D:3      | Identified the +4 mace of the Warrior {vamp, rF+ Stlth+}
  2865 | D:4      | Noticed a steam dragon
  2872 | D:4      | HP: 2/48 [steam dragon/ball of steam (17)]
  2873 | D:4      | Slain by a steam dragon

Illustrated notes

Levels and vault maps discovered:
D:1:      roderic_crop_circles_arrival_small, layout_basic,
          minmay_misc_feat_square, st_stairs_9, roderic_lattice_a
D:2:      layout_rooms, basic_altar, uniq_jessica
D:3:      layout_loops_corners, gup_sewer_entry_spiral, goddamned_bats
D:4:      kennysheep_the_goblin_king, layout_basic, temple_statues,
          gup_ossuary_entry_pyramid, uniq_eustachio

Skill      XL: |  1  2  3  4  5  6 |
---------------+-------------------+-----
Axes           | 3 4 |  4.1
Armour         | 4 |  4.6
Fighting       | 4 |  4.2
Shields        | 5 |  5.3
Dodging        | |  0.4
Stealth        | |  0.3

Action                     |  1- 3 |  4- 6 || total
---------------------------+-------+-------++-------
  Melee: War axe           |    72 |   189 ||   261
    Use: Scroll            |     2 |     7 ||     9
 Armour: Scale mail        |    33 |   119 ||   152
  Dodge: Dodged            |    32 |   112 ||   144
  Block: Buckler           |    13 |    64 ||    77

Table legend: (Time is in decaauts)
 A = Elapsed time spent in this place.
 B = Non-inter-level travel time spent in this place.
 C = Inter-level travel time spent in this place.
 D = Time resting spent in this place.
 E = Time spent auto-exploring this place.
 F = Levels seen in this place.
 G = Mean time per level.
                   A        B        C        D        E       F      G
               +--------+--------+--------+--------+--------+-----+--------+
         Total |   3009 |   2837 |    172 |      0 |   2129 |   4 |  752.2 |
       Dungeon |   3009 |   2837 |    172 |      0 |   2129 |   4 |  752.2 |
               +--------+--------+--------+--------+--------+-----+--------+

Top non-repeatable levels by time:
     D:3: 1473 daAuts
     D:1: 974 daAuts
     D:2: 553 daAuts
     D:4: 8 daAuts
